 Dungeon Crawl Stone Soup version 0.23-a0-38-g6d804a8 (webtiles) character file.

12621 tilp the Spear-Bearer (level 11, -2/84 HPs)
             Began as a Merfolk Ice Elementalist on Aug 5, 2018.
             Was an Elder of Makhleb.
             Slain by a tyrant leech (25 damage)
             ... on level 2 of the Lair of Beasts.
             The game lasted 00:52:18 (15525 turns).

tilp the Spear-Bearer (Merfolk Ice Elementalist)   Turns: 15525, Time: 00:52:19

Health: -2/84      AC: 16    Str:  9    XL:     11   Next: 96%
Magic:  11/17      EV: 17    Int: 18    God:    Makhleb [****..]
Gold:   709        SH:  0    Dex: 14    Spells: 1/18 levels left

rFire    . . .     SeeInvis .   H - +3 trident (freeze)
rCold    . . .     Gourm    .   (no shield)
rNeg     . . .     Faith    .   s - +2 leather armour {MR+}
rPois    .         Spirit   .   (no helmet)
rElec    .         Reflect  .   (no cloak)
rCorr    +         Harm     .   u - +1 pair of gloves
MR       +....                  g - +1 pair of boots
Stlth    +++.......             l - amulet of regeneration
HPRegen  0.64/turn              z - ring of stealth
MPRegen  0.15/turn              k - ring of resist corrosion

@: icy armour, about to teleport
A: change form in water, swift swim, stealthy swim
a: Minor Destruction, Lesser Servant of Makhleb, Major Destruction, Renounce
Religion


You were on level 2 of the Lair of Beasts.
You worshipped Makhleb.
Makhleb was greatly pleased with you.
You were not hungry.

You visited 3 branches of the dungeon, and saw 17 of its levels.

You collected 709 gold pieces.

Inventory:

Hand Weapons
 d - a cursed +0 blowgun
 w - a +1 spear of venom
 x - a +3 halberd
 H - a +3 trident of freezing (weapon)
 J - the +6 great sword "Roziat" {pain, rElec rN++ Dex+4 Stlth-}
   (You found it on level 8 of the Dungeon)

   In the hands of one skilled in necromantic magic, it inflicts extra damage on
   living creatures.
   It affects your dexterity (+4).
   It insulates you from electricity.
   It greatly protects you from negative energy.
   It makes you less stealthy.
Missiles
 b - 4 curare-tipped needles
 q - 9 tomahawks (quivered)
 r - 2 throwing nets
 M - 5 javelins
Armour
 g - a +1 pair of boots (worn)
 s - a +2 leather armour of magic resistance (worn)
 u - a +1 pair of gloves (worn)
 G - a +1 leather armour of cold resistance
Jewellery
 k - a ring of resist corrosion (right hand)
 l - an amulet of regeneration (around neck)
 z - a ring of stealth (left hand)
Wands
 e - a wand of acid (1)
 p - a wand of digging (14)
 v - a wand of clouds (6)
 y - a wand of paralysis (18)
 E - a wand of enslavement (18)
 K - a wand of polymorph (21)
 P - a wand of flame (19)
Scrolls
 a - 2 scrolls of fog {unknown}
 f - a scroll of magic mapping
 h - 7 scrolls of remove curse
 j - 2 scrolls of fear
 m - 3 scrolls of immolation
 o - 7 scrolls of teleportation
 t - 3 scrolls of identify
 B - a scroll of holy word {unknown}
 C - a scroll of noise {unknown}
 D - 2 scrolls of amnesia
Potions
 i - 2 potions of brilliance
 n - a potion of ambrosia
 A - a potion of cancellation
 F - 3 potions of haste
 I - 2 potions of mutation {unknown}
 L - 2 potions of heal wounds
 N - 2 potions of curing
 O - a potion of invisibility {unknown}
 R - a potion of degeneration {unknown}
Comestibles
 c - 24 rations
 Q - 5 chunks of flesh


   Skills:
 + Level 7.4 Fighting
 - Level 14.1 Polearms
 + Level 9.5 Dodging
 - Level 4.0 Stealth
 - Level 4.0 Spellcasting
 - Level 2.0 Conjurations
 - Level 4.0 Charms
 - Level 10.1 Ice Magic
 - Level 4.0 Invocations
 + Level 3.6 Evocations


You had one spell level left.
You knew the following spells:

 Your Spells              Type           Power        Failure   Level  Hunger
a - Freeze                Ice            ####         1%          1    None
b - Throw Frost           Conj/Ice       ####..       2%          2    ##.....
c - Ozocubu's Armour      Chrm/Ice       ####....     3%          3    ###....
d - Throw Icicle          Conj/Ice       ####....     17%         4    ####...
e - Conjure Flame         Conj/Fire      #.......     38%         3    ###....
f - Blink                 Tloc           N/A          30%         2    ##.....
g - Slow                  Hex            #.......     30%         2    ##.....

Your spell library contained the following spells:

 Spells                   Type           Power        Failure   Level  Hunger
 Magic Dart               Conj           ##..         9%          1    None
 Mephitic Cloud           Conj/Pois/Air  #.......     43%         3    ###....
 Summon Ice Beast         Ice/Summ       ###.....     26%         4    ####...
 Call Imp                 Summ           #.......     30%         2    ##.....


Dungeon Overview and Level Annotations

Branches:
Dungeon (14/15)            Temple (1/1) D:5            Lair (2/6) D:10
  Swamp (0/4) Lair:2          Orc (0/2) D:11         Vaults (0/5) D:13
  Snake: Lair:2-4    Spider: Lair:2-4

Altars:
Ashenzari
Cheibriados
Dithmenos
Elyvilon
Fedhas
Gozag
Hepliaklqana
Kikubaaqudgha
Makhleb
Nemelex Xobeh
Okawaru
Qazlal
Ru
Sif Muna
Trog
Uskayaw
Vehumet
Wu Jian
Xom
Yredelemnul
Zin
The Shining One

Annotations:
D:2 Sigmund
D:5 Eustachio
D:8 exclusion: electric eel, Psyche
D:10 exclusions: two-headed ogre and 1 more exclusion, Josephine
D:13 Urug
Lair:1 exclusions: door and ice devil


Message History

The tyrant leech bites you but does no damage.
You hit the tyrant leech. You freeze the tyrant leech.
The tyrant leech is moderately wounded.
You closely miss the tyrant leech.
The tyrant leech is moderately wounded.
The tyrant leech bites you!
The tyrant leech draws strength from your injuries!
Unknown command.
As you read the scroll of teleportation, it crumbles to dust.
You feel strangely unstable.
You hit the tyrant leech but do no damage.
The tyrant leech is moderately wounded.
The tyrant leech bites you.
The tyrant leech draws strength from your injuries!
You hit the tyrant leech. You freeze the tyrant leech.
The tyrant leech is moderately wounded.
You closely miss the tyrant leech.
The tyrant leech is moderately wounded.
The tyrant leech bites you!!
You die...

.P.##...#..#....# ##.
........P....#..# #..
............#..####.
#P....#....#....#.. ♣♣
#....P+.##.....##.
♣♣♣≈♣♣♣........†........
♣≈≈§§§♣.......###.......
♣≈≈§§ww§......# ##......
♣§§§§♣♣@......# #.......
♣♣§§♣♣♣P...P..# ##.#.###
♣♣♣♣♣....?.#.# #......
#...........# #......
.....[....#.# #......
#.........#.####.#....
#...........P##P.+....
##.#.#P..+#......#....
..................#.#


You could see a tyrant leech and a swamp worm.

Vanquished Creatures
  A cyclops (D:11)
  A black mamba (Lair:1)
  3 spiny frogs
  A gargoyle (D:11)
  The ghost of iamserjio the Sneak, a novice OpBe of Trog (D:5)
  A tyrant leech (Lair:2)
  A troll (D:11)
  3 hippogriffs
  9 yaks
  A wyvern (D:8)
  2 humans
  2 hungry ghosts
  2 wraiths (D:10)
  3 hogs (D:7)
  5 water moccasins
  3 porcupines
  2 black bears
  An orc warrior (D:10)
  A sky beast (D:9)
  6 ogres
  2 necrophages
  2 centaurs
  4 crocodiles
  2 big kobolds
  3 bullfrogs
  A gnoll sergeant (D:7)
  3 scorpions
  7 killer bees
  19 wights
  3 howler monkeys (D:11)
  An electric eel (Lair:1)
  3 centaur zombies
  6 crimson imps
  5 bullfrog skeletons
  8 orc wizards
  2 bullfrog zombies
  4 orc priests
  5 hounds
  8 jellies
  4 centaur skeletons
  An iguana (D:10)
  10 worker ants
  A hound skeleton (D:11)
  16 adders
  5 gnolls
  2 shadow imps
  An adder skeleton (D:9)
  4 worms
  A dart slug (D:3)
  5 leopard geckos
  35 orcs
  A ball python (D:4)
  7 bats
  14 giant cockroaches
  8 goblins
  5 hobgoblins
  11 jackals
  3 quokkas
  3 frilled lizards
  A jackal skeleton (D:7)
  A jackal zombie (D:6)
  13 kobolds
  A leopard gecko zombie (D:6)
  A quokka zombie (D:5)
  8 rats
299 creatures vanquished.

Vanquished Creatures (collateral kills)
  A two-headed ogre (D:11)
  4 kobolds (D:11)
5 creatures vanquished.

Grand Total: 304 creatures vanquished

Notes
Turn   | Place    | Note
-------+----------+-------------------------------------------
     0 | D:1      | tilp the Merfolk Ice Elementalist began the quest for the Orb.
     0 | D:1      | Reached XP level 1. HP: 13/13 MP: 3/3
   274 | D:1      | Reached XP level 2. HP: 19/19 MP: 0/5
   278 | D:1      | Learned a level 2 spell: Throw Frost
   861 | D:2      | Reached XP level 3. HP: 22/24 MP: 0/6
   866 | D:2      | Learned a level 3 spell: Ozocubu's Armour
  1114 | D:2      | Reached skill level 5 in Ice Magic
  1264 | D:2      | Noticed Sigmund
  1497 | D:2      | Reached XP level 4. HP: 27/30 MP: 0/7
  1764 | D:2      | Found an ancient bone altar of Kikubaaqudgha.
  1766 | D:2      | Found an iron altar of Okawaru.
  2437 | D:3      | Reached XP level 5. HP: 28/35 MP: 2/8
  3010 | D:3      | Reached skill level 1 in Fighting
  3231 | D:3      | Reached skill level 1 in Polearms
  3529 | D:4      | Reached skill level 2 in Polearms
  3624 | D:4      | Found an ornate altar of the Wu Jian Council.
  3717 | D:4      | Reached XP level 6. HP: 25/44 MP: 6/9
  3771 | D:4      | Reached skill level 3 in Polearms
  4083 | D:4      | Noticed a hungry ghost
  4275 | D:4      | Reached skill level 4 in Polearms
  4734 | D:4      | Reached XP level 7. HP: 51/51 MP: 6/10
  4740 | D:4      | Found a hazy altar of Hepliaklqana.
  4838 | D:5      | Entered Level 5 of the Dungeon
  4880 | D:5      | Reached skill level 5 in Polearms
  5196 | D:5      | Found a runed gate.
  5197 | D:5      | Found a runed gate.
  5222 | D:5      | Found a runed gate.
  5227 | D:5      | Noticed iamserjio's ghost (novice OpBe)
  5240 | D:5      | Reached skill level 6 in Polearms
  5276 | D:5      | Reached skill level 5 in Dodging
  5334 | D:5      | Found a deep blue altar of Sif Muna.
  5380 | D:5      | Noticed Eustachio
  5384 | D:5      | Found a white marble altar of Elyvilon.
  5458 | D:5      | Reached XP level 8. HP: 20/60 MP: 0/11
  5576 | D:5      | Reached skill level 7 in Polearms
  5615 | D:5      | Found a basalt altar of Yredelemnul.
  5678 | D:5      | Found a staircase to the Ecumenical Temple.
  5716 | Temple   | Entered the Ecumenical Temple
  5787 | Temple   | Became a worshipper of Makhleb the Destroyer
  6043 | D:5      | Killed iamserjio's ghost
  6043 | D:5      | Reached skill level 8 in Polearms
  6336 | D:6      | Reached skill level 9 in Polearms
  6552 | D:6      | Reached skill level 10 in Polearms
  6577 | D:6      | Found a glowing golden altar of the Shining One.
  7261 | D:7      | Reached skill level 11 in Polearms
  7261 | D:7      | Reached XP level 9. HP: 61/66 MP: 0/12
  7528 | D:7      | Reached skill level 12 in Polearms
  8563 | D:7      | Reached skill level 13 in Polearms
  9170 | D:7      | Reached * piety under Makhleb
  9170 | D:7      | Reached skill level 14 in Polearms
  9177 | D:7      | Reached skill level 1 in Conjurations
  9177 | D:7      | Reached skill level 1 in Charms
  9392 | D:8      | Reached XP level 10. HP: 73/73 MP: 10/14
  9417 | D:8      | Learned a level 3 spell: Conjure Flame
  9420 | D:8      | Learned a level 2 spell: Blink
  9423 | D:8      | Learned a level 2 spell: Slow
  9685 | D:8      | Noticed Psyche
  9730 | D:8      | Got a pitted great sword
  9733 | D:8      | Identified the +6 great sword "Roziat" {pain, rElec rN++ Dex+4 Stlth-} (You found it on level 8 of the Dungeon)
 10536 | D:9      | Reached skill level 5 in Fighting
 10654 | D:9      | Reached ** piety under Makhleb
 11190 | D:10     | Entered Level 10 of the Dungeon
 11497 | D:10     | Noticed a two-headed ogre
 11565 | D:10     | Got a jewelled falchion
 11626 | D:10     | Identified the +7 falchion "Nuqiotum" {flame, MP-9 Int+3} (You found it on level 10 of the Dungeon)
 11686 | D:10     | Noticed Josephine
 12138 | D:10     | Found a staircase to the Lair.
 12287 | D:10     | Reached *** piety under Makhleb
 12587 | D:11     | Reached XP level 11. HP: 67/80 MP: 5/17
 12824 | D:11     | Reached skill level 1 in Invocations
 13252 | D:11     | You fall through a shaft for 3 floors!
 13277 | D:14     | Reached skill level 10 in Ice Magic
 13313 | D:13     | Found a gate to the Vaults.
 13313 | D:13     | Noticed a centaur warrior
 13338 | D:13     | Noticed a cyclops
 13338 | D:13     | Noticed Urug
 13338 | D:13     | Noticed a two-headed ogre
 13496 | D:11     | Noticed a cyclops
 13524 | D:11     | Killed a cyclops
 13563 | D:11     | Noticed a two-headed ogre
 13581 | D:11     | Killed a two-headed ogre
 13815 | D:11     | Reached skill level 1 in Evocations
 13837 | D:11     | Found a staircase to the Orcish Mines.
 14064 | Lair:1   | Entered Level 1 of the Lair of Beasts
 14281 | Lair:1   | Learned a level 4 spell: Throw Icicle
 15489 | Lair:2   | Found a staircase to the Swamp.
 15501 | Lair:2   | Reached **** piety under Makhleb
 15525 | Lair:2   | Slain by a tyrant leech

Vault maps used:
D:1:      matt_arrival_refuge, hangedman_decor_peaks_small, st_stairs_4,
          hangedman_abyss_or_decor_stabs, dk_noncrumbling_3
D:2:      minmay_roachtagon, nicolae_overflow_hidden_temple, uniq_sigmund
D:3:      first_ration
D:4:      lemuel_crystal_altar, marbit_many_paths, minmay_tree_intersection
D:5:      minmay_overflow_temple_star_quad, lemuel_round_altar,
          minmay_temple_entry_nine_rooms, gammafunk_ghost_split, uniq_eustachio
D:6:      basic_altar
D:7:      grunt_livestock, roderic_roman_lattice
D:8:      serial_curves, eino_curves_02, eino_curves_02, st_stairs_9,
          water_maze_lemuel, uniq_psyche
D:10:     lair_entry_dummy, uniq_josephine
D:11:     orc_0_dummy
D:12:     minmay_box_of_statues, serial_shops, shop_statue, uniq_frances
D:13:     david_vaults_3, enter_bailey_7, spider_trap
D:14:     tso_metal_star, hangedman_decor_push, uniq_louise
Temple:   jpeg_temple_clearing
Lair:1:   portal_ice_cave_demonic_guard, minmay_holes, st_stairs_8,
          infiniplex_staircase_pool
Lair:2:   minmay_swamp_entry_worms, beast_lair_carwin_6

Skill      XL: |  1  2  3  4  5  6  7  8  9 10 11 |
---------------+----------------------------------+-----
Ice Magic      | 4 5 6 9 10 | 10.1
Dodging        | 3 4 5 6 8 9 |  9.5
Fighting       | 1 2 3 4 6 7 |  7.4
Polearms       | 2 4 6 11 14 | 14.1
Conjurations   | 2 |  2.0
Charms         | 2 4 |  4.0
Spellcasting   | 4 |  4.0
Invocations    | 4 |  4.0
Evocations     | 3 |  3.6
Stealth        | 4 |  4.0

Action                   |  1- 3 |  4- 6 |  7- 9 | 10-12 || total
-------------------------+-------+-------+-------+-------++-------
Melee: Dagger            |    55 |   104 |    56 |       ||   215
       Trident           |       |       |   162 |   663 ||   825
       Spear             |       |       |   146 |       ||   146
       Tailslap          |       |       |       |     1 ||     1
Throw: Stone             |     5 |       |       |       ||     5
       Tomahawk          |       |     1 |     1 |     1 ||     3
 Cast: Freeze            |    35 |    89 |    99 |    19 ||   242
       Throw Frost       |     3 |    15 |    19 |    23 ||    60
       Ozocubu's Armour  |     2 |    11 |    35 |    61 ||   109
       Conjure Flame     |       |       |       |     1 ||     1
       Throw Icicle      |       |       |       |     1 ||     1
Invok: Lesser Servant of |       |       |       |     3 ||     3
Evoke: Wand              |       |     3 |     3 |     2 ||     8
  Use: Scroll            |       |     7 |     4 |    16 ||    27
       Potion            |       |       |     3 |     3 ||     6
 Stab: Distracted        |     1 |       |       |     3 ||     4
       Sleeping          |     4 |     5 |     7 |     9 ||    25
       Confused          |       |       |     2 |       ||     2
  Eat: Chunk             |     3 |    14 |    20 |    12 ||    49
       Ration            |       |       |     1 |     5 ||     6
Armor: Robe              |    22 |    28 |    89 |     6 ||   145
       Leather armour    |       |       |       |    92 ||    92
Dodge: Dodged            |    51 |   111 |   253 |   282 ||   697

Table legend:
 A = Spawn XP
 B = Non-spawn XP
 C = Spawn XP percentage of total XP
 D = Spawn monster count
 E = Non-spawn monster count
 F = Spawn count percentage of total count
 G = Total turns spent on level
                    A         B        C        D         E        F      G
               +---------+---------+-------+---------+---------+-------+---------
         Total |       0 |   18030 |   0.0 |       0 |     304 |   0.0 | 15525
               +---------+---------+-------+---------+---------+-------+---------
           D:1 |       0 |      18 |   0.0 |       0 |      13 |   0.0 |   690
           D:2 |       0 |     123 |   0.0 |       0 |      30 |   0.0 |  1703
           D:3 |       0 |     159 |   0.0 |       0 |      34 |   0.0 |  1418
           D:4 |       0 |     378 |   0.0 |       0 |      18 |   0.0 |  1200
           D:5 |       0 |    1001 |   0.0 |       0 |      27 |   0.0 |  1072
           D:6 |       0 |     479 |   0.0 |       0 |      16 |   0.0 |   992
           D:7 |       0 |    2457 |   0.0 |       0 |      35 |   0.0 |  2196
           D:8 |       0 |    1059 |   0.0 |       0 |      13 |   0.0 |   812
           D:9 |       0 |    1222 |   0.0 |       0 |      18 |   0.0 |  1074
          D:10 |       0 |    2288 |   0.0 |       0 |      41 |   0.0 |  1366
          D:11 |       0 |    3578 |   0.0 |       0 |      33 |   0.0 |  1339
          D:13 |       0 |     191 |   0.0 |       0 |       2 |   0.0 |    40
          D:14 |       0 |     376 |   0.0 |       0 |       1 |   0.0 |    57
        Lair:1 |       0 |    2806 |   0.0 |       0 |      14 |   0.0 |   870
        Lair:2 |       0 |    1895 |   0.0 |       0 |       9 |   0.0 |   591
               +---------+---------+-------+---------+---------+-------+---------
